[Event "1st Bangalore GM-Open-A 2024"]
[Site "Bangalore"]
[Date "2024.01.19"]
[Round "2.1"]
[White "Avinash Ramesh"]
[Black "Gupta, Abhijeet"]
[Result "0-1"]
[ECO "B92"]
[WhiteElo "2290"]
[BlackElo "2605"]
[Annotator "TA"]
[PlyCount "92"]
[EventDate "2024.01.20"]
[EventType "swiss"]
[EventCountry "IND"]
[SourceTitle "playchess.com"]
[Source "ChessBase"]
[SourceQuality "1"]
[TimeControl "5400+30"]

1. e4 c5 2. Nf3 d6 3. d4 cxd4 4. Nxd4 Nf6 5. Nc3 a6 6. Be2 e5 7. Nb3 Be7 8. Be3 Be6 9. Nd5 Nbd7 10. Qd3 Rc8 11. c4 Bxd5 $5 {[%emt 0:02:53][%mdl 4] A promising side line.} 12. exd5 O-O 13. O-O h5 $5 {[%emt 0:00:09][%mdl 4] Exploring less charted territory. B92: Sicilian Najdorf: 6 Be2.} 14. a4 {[%emt 0:07:20] [#]} a5 $146 ({Predecessor:} 14... e4 15. Qd4 Ne5 16. Nd2 Nfg4 17. Nxe4 f5 18. Nd2 Bf6 19. Qb6 Qe7 20. Ra3 Nd7 21. Qb4 {½-½ Zelbova,L (1967)-Lhotska,A (2029) CZE-ch (Women) 2022 (5)}) 15. Nc1 (15. Rad1 $14) 15... Ng4 $11 {[%emt 0:03:04] The position is equal.} 16. Na2 (16. Bd2 $1 $11 {remains equal.}) 16... Bg5 17. Bxg5 Qxg5 18. h3 Nc5 19. Qg3 {[%emt 0:18:10][%mdl 64] Pin} Ne4 {[%emt 0:09:24] Excellent horsemanship.} 20. Qd3 {[%emt 0:00:22] White is weak on the dark squares} Ngf6 $40 {[%emt 0:00:12][%cal Bg4f6,Bf6d7,Bd7c5][%mdl 160] Black attacks.} 21. Nc3 (21. Qc2 $15) 21... Nxc3 $1 $17 22. bxc3 Nd7 {[%emt 0:02:00] Black is more active.} 23. Rfb1 Nc5 24. Qe3 Qxe3 25. fxe3 h4 26. Rb6 Rfd8 27. Kf1 (27. Bd1 $142) 27... Rc7 28. Rb5 Kf8 29. Ra3 {[%emt 0:00:57] [#]} (29. Bd1 $17) 29... Ra8 $1 $19 30. Bd1 Ke7 (30... Ne4 31. Be2 $17) 31. Bc2 {[%emt 0:00:13] [#]} f5 $1 32. Ke2 (32. e4 fxe4) 32... g6 33. Ra1 {[%emt 0:01:40] [#]} (33. e4 $142) 33... e4 $1 34. Rab1 Ra7 35. Kd2 (35. Rd1 $142) 35... Nd7 36. Bd1 Ne5 (36... Rxc4 37. Rxb7 Rc7 38. Rxc7 Rxc7 39. Rb5 $17) 37. Be2 Nxc4+ 38. Bxc4 Rxc4 39. Rxb7+ $2 (39. Kc2) 39... Rxb7 40. Rxb7+ {[%emt 0:00:04][%mdl 4096] Endgame KR-KR} Kf6 41. Kc2 Rc5 ({Stronger than} 41... Rxa4 42. Kb3 Ra1 43. Rd7 $19) 42. Rb6 Ke5 (42... Rxd5 $2 {is the wrong capture.} 43. Ra6 $19) 43. Rb7 Rxd5 ({Not} 43... Kxd5 44. Re7 $17) 44. Rg7 (44. Ra7 {was worth a try.} Ke6 45. Rg7) 44... Kf6 45. Rh7 (45. Ra7 $142 Ke6 46. Ra8) 45... Rd3 46. Rxh4 Rxe3 {[%emt 0:00:07] Weighted Error Value: White=0.42/Black=0.14 (very precise)} 0-1

[Event "1st Bangalore GM-Open-A 2024"]
[Site "Bangalore"]
[Date "2024.01.19"]
[Round "2.2"]
[White "Goutham Krishna H"]
[Black "Short, Nigel D"]
[Result "0-1"]
[ECO "D11"]
[WhiteElo "2288"]
[BlackElo "2592"]
[Annotator "TA"]
[PlyCount "152"]
[EventDate "2024.01.20"]
[EventType "swiss"]
[EventCountry "IND"]
[SourceTitle "playchess.com"]
[Source "ChessBase"]
[SourceQuality "1"]
[TimeControl "5400+30"]

1. d4 d5 2. Nf3 Nf6 3. c4 c6 4. Nbd2 Bf5 5. Nh4 Be6 6. e3 {[%emt 0:00:32] D11: Slav Defence: 3 Nf3 sidelines and 3...Nf6 4 e3 Bg4.} g6 7. Bd3 Bg7 8. O-O {[%emt 0:00:04] The position is equal.} dxc4 $5 {[%emt 0:01:33][%mdl 4] A promising side line.} 9. Nxc4 {[%emt 0:02:46] [#]} c5 $1 10. Nf3 O-O {[%emt 0:02:23] [#]} 11. Qe2 $146 ({Predecessor:} 11. dxc5 Nc6 12. Nce5 Nxe5 13. Nxe5 Qd5 14. Nf3 Qxc5 15. Nd4 Bd5 16. Qe2 Rfd8 17. Rd1 {0-1 Greet,A (2449)-Dearing,E (2411) BCF-chTb 1112 (4NCL) 2011 (7.81)}) 11... Nc6 12. dxc5 Nd7 13. Ng5 Bd5 (13... Nxc5 {simplifies} 14. Nxe6 Nxe6 15. Rd1 Qc7) 14. Rd1 (14. e4 $15 Nd4 15. Qe3 Bxc4 16. Bxc4) 14... Nxc5 $17 15. Bc2 e6 (15... Rc8 $5 16. Qe1 f5 $15) 16. Nf3 {[%emt 0:04:22] [#]} (16. e4 $15 Nd4 17. Rxd4 Bxd4 18. exd5 exd5 19. Na3) 16... Nb4 $1 17. Bb3 b5 ({Black should play} 17... Qc7 18. Bd2 Nbd3) 18. Na3 Nxb3 19. axb3 {[%emt 0:00:03] Strongly threatening e4.} Qe7 20. Nd2 (20. Nxb5 $142 Bxb3 21. Rd2) 20... a6 {[%emt 0:04:06] Black has more active pieces.} (20... Qg5 21. e4 Bc6 22. Ndb1 $17) 21. e4 Bb7 {[%emt 0:00:51] Threatens to win with ...Rfd8. A strong pair of Bishops.} 22. Nf3 Rfd8 (22... h6 $142 23. Bf4 Rfd8) 23. Bg5 f6 24. Bd2 e5 25. Bc3 {[%emt 0:01:36][%cal Oa3c4] [#]} Bf8 $1 26. Nc2 Nxc2 27. Qxc2 b4 $36 {[%emt 0:00:12][%mdl 2048] Black is really pushing.} 28. Be1 Rac8 29. Qe2 Qc5 30. Rxd8 Rxd8 31. h3 Rc8 32. Ra4 $2 {[%emt 0:07:36] Loses the game.} (32. Nd2 $17) 32... Qb5 $19 33. Qe3 (33. Qd1 $142) 33... Bc5 34. Qh6 Bxe4 35. Qh4 Bxf3 36. gxf3 Be7 {[%emt 0:00:21] And now ...Rc1 would win.} 37. Ra1 {[%emt 0:01:37] Prevents Rc1} Qd3 {[%emt 0:02:28] Inhibits Bd2.} 38. Bxb4 Bxb4 39. Qxb4 Qxf3 {[%emt 0:00:07][%mdl 4096] Endgame KQR-KQR} 40. Qd6 $2 (40. Qd2 {was worth a try.}) 40... Rc2 {[%emt 0:01:09] Black is clearly winning.} (40... Qxb3 41. Qxa6 Rf8 42. Qa3 Qxa3 43. bxa3 $17) (40... Qxh3 41. Qxf6 Qg4+ 42. Kf1 $17) 41. Rf1 Kg7 (41... Qxh3 $2 {is the wrong capture.} 42. Qxf6 Qg4+ 43. Kh1 $19) (41... Rxb2 42. Qd8+ Kg7 43. Qc7+ Kh8 44. Qd8+ Kg7 45. Qc7+ Kh8 46. Qd8+ Kg7 $11) 42. Qxa6 (42. Qd7+ $142 Kh6 43. Qd1 Qxb3 44. Qg4) 42... Qxh3 43. Qb7+ Kh6 44. Qe4 Rxb2 45. b4 Kh5 {[%emt 0:01:10] White must now prevent ...Qg4+.} 46. Rb1 f5 47. Qe1 Qg4+ 48. Kh2 Re2 49. Qf1 Qh4+ 50. Kg1 Re4 {[%emt 0:00:45] ( -> ...Rg4+)} 51. Qd1+ Rg4+ 52. Kf1 Kh6 53. Qd2+ Rf4 54. Rb3 Qh1+ 55. Ke2 Qe4+ 56. Kd1 Qd4 57. Qxd4 Rxd4+ {[%emt 0:00:03] KR-KR} ({And not} 57... exd4 58. b5 Re4 59. b6 $11) 58. Ke2 Kg5 59. b5 h5 {[%emt 0:01:06] aiming for ...Rd8.} 60. b6 Rd8 {[%emt 0:00:04] ...h4 is the strong threat.} 61. b7 Rb8 62. Rb6 f4 {[%emt 0:00:17] Hoping for ...Kf5.} 63. f3 Kf5 64. Kf2 g5 65. Rb5 g4 66. Kg2 Ke6 67. Rb6+ Kd5 68. Rb5+ Kd4 69. Kf2 g3+ 70. Kg2 h4 71. Kh3 Kc4 (71... e4 $142 72. Rb4+ Kd3 73. Rxe4 Rxb7) 72. Rxe5 Rxb7 73. Re4+ Kd3 74. Rxf4 Rg7 ({Inferior is} 74... Rb2 75. Rxh4 g2 76. Rg4 $11) 75. Kg2 {[%emt 0:01:10] [#]} h3+ $1 76. Kg1 Rc7 {[%emt 0:00:22] Weighted Error Value: White=0.52/Black=0.08 (flawless)} 0-1

[Event "1st Bangalore GM-Open-A 2024"]
[Site "Bangalore"]
[Date "2024.01.19"]
[Round "2.3"]
[White "Wagh Suyog"]
[Black "Aronyak Ghosh"]
[Result "0-1"]
[ECO "D12"]
[WhiteElo "2266"]
[BlackElo "2541"]
[Annotator "TA"]
[PlyCount "127"]
[EventDate "2024.01.20"]
[EventType "swiss"]
[EventCountry "IND"]
[SourceTitle "playchess.com"]
[Source "ChessBase"]
[SourceQuality "1"]
[TimeControl "5400+30"]

1. d4 Nf6 2. c4 c6 3. Nf3 d5 4. e3 Bf5 5. Nc3 e6 6. Nh4 Bg6 7. Nxg6 hxg6 8. Bd2 {[%emt 0:03:17] D12: Slav Defence: 3 Nf3 Nf6 4 e3 Bf5.} Nbd7 9. Be2 Bd6 {[%emt 0:08:25] [#]} 10. Rc1 $146 {[%emt 0:04:55] White has an edge.} ({Predecessor:} 10. g3 Qe7 11. Qb3 Rb8 12. O-O dxc4 13. Qxc4 e5 14. Bf3 Nb6 15. Qd3 Rd8 16. Bg2 {0-1 Urkedal,F (2557)-Sasikiran,K (2661) Rilton Cup 46th 2016 (5)}) 10... Qe7 (10... Rxh2 11. Rxh2 Bxh2 12. g3 $16) 11. Qc2 (11. g3 $11 {deserves consideration.}) 11... dxc4 $15 (11... Rxh2 12. Rxh2 Bxh2 13. g3 $14) 12. Bxc4 e5 13. dxe5 Nxe5 14. Be2 Rd8 15. a3 g5 16. Rd1 Qe6 17. Kf1 Kf8 18. Bc1 g4 19. g3 Re8 20. Kg2 Bc7 21. b4 {[%emt 0:09:53] [#]} Nf3 $1 {[%emt 0:01:14][%mdl 576] Deflection} 22. Bxf3 (22. Bb2 $17) (22. Bd3 c5) 22... gxf3+ $19 23. Kxf3 Qh3 24. Ke2 Be5 (24... Ng4 $19 {[%cal Og4f2] And now ...Nxf2! would win.} 25. Ne4 (25. Qf5 $2 Rh5 $19) 25... Rh5) 25. Bb2 $2 {[%emt 0:00:37] [#]} (25. Ne4 $15) 25... Qh5+ $2 (25... Ng4 $1 $19 {[%cal Rg4f2] ...Nxf2! would be deadly.} 26. Rdf1 (26. Qf5 $2 Rh5 $19) 26... Rh6) 26. Kd2 $1 $15 Qf3 27. Kc1 Ng4 28. Kb1 {[%emt 0:01:46] Black keeps a firm grip on the game.} ({White should try} 28. Rdf1 $15) 28... Qxf2 $17 {[%emt 0:00:45] Black is much more active.} 29. Rd2 Qf3 $36 {[%emt 0:04:51][%mdl 2048] Black is in control.} (29... Qxe3 30. Re2 Qf3 31. Rhe1) 30. Re1 Rh6 (30... Nxe3 31. Qd3 Bxc3 32. Qxc3 Qf5+ 33. Kc1 $14) 31. Nd1 Bxb2 32. Kxb2 Rhe6 (32... Nxe3 $2 33. Qc5+ Kg8 34. Rxe3 $18) 33. Qc5+ (33. Ree2 $17 {was called for.}) 33... Kg8 $19 34. Qxa7 {[%emt 0:00:25] [#]} (34. Qc2 $142) 34... Ne5 $1 {[%emt 0:00:57] Threatens to win with ...Nc4+.} ({Inferior is} 34... Nxe3 35. Nxe3 Rxe3 36. Rxe3 Rxe3 37. Qb8+ Kh7 38. Qf4 $15) 35. Qd4 {[%emt 0:00:39] [#] Prevents Nc4+.} Rd6 $3 {[%emt 0:02:33][%mdl 576] Decoy} 36. Qxd6 Nc4+ 37. Kc3 (37. Kb3 $142 Nxd6 38. Rxd6) 37... Nxd6 38. Rxd6 Ra8 39. Kb3 Qg2 40. e4 Qxh2 41. Rd3 b6 42. Nb2 (42. Nc3 $142) 42... Qh6 43. Kc2 Qe6 44. Rc3 Rd8 45. Re2 f6 46. Rce3 Qe5 47. Nd3 Qb5 {[%emt 0:00:57] ...Qc4+ is the strong threat.} 48. Nb2 {[%emt 0:00:05] Wards off Qc4+} c5 49. bxc5 bxc5 50. a4 Qb7 51. Rb3 Qa6 52. Rd2 Re8 53. Rc3 Qb7 (53... Rxe4 $2 {perishes.} 54. Rxc5 Re1 55. Rcd5 $19) 54. Rxc5 Qxe4+ 55. Rd3 Rb8 56. Rb5 Rc8+ ({Wrong is} 56... Rd8 $2 57. Rbb3 $19) 57. Kb3 Rc1 58. Rb4 Qe6+ {[%emt 0:01:10] Black is clearly winning.} 59. Rc4 Rb1 60. Rdd4 Qe2 61. Rd8+ Kh7 62. Rc2 Qe6+ 63. Kc3 Qc6+ {[%emt 0:01:22][%mdl 64] Skewer} 64. Kd4 {[%emt 0:01:27] Weighted Error Value: White=0.40/Black=0.20 (precise)} 0-1

[Event "1st Bangalore GM-Open-A 2024"]
[Site "Bangalore"]
[Date "2024.01.19"]
[Round "2.4"]
[White "Saurabh Anand"]
[Black "Iniyan, Pa"]
[Result "1/2-1/2"]
[ECO "D35"]
[WhiteElo "2243"]
[BlackElo "2515"]
[Annotator "TA"]
[PlyCount "61"]
[EventDate "2024.01.20"]
[EventType "swiss"]
[EventCountry "IND"]
[SourceTitle "playchess.com"]
[Source "ChessBase"]
[SourceQuality "1"]
[TimeControl "5400+30"]

1. d4 Nf6 2. c4 e6 3. Nf3 d5 4. Nc3 Bb4 5. cxd5 exd5 6. Bg5 h6 7. Bh4 Bf5 8. e3 Nbd7 9. Bd3 Bxd3 10. Qxd3 c6 11. O-O O-O 12. Ne5 {[%emt 0:04:49] D35: Queen's Gambit Declined: Exchange Variation.} Qe8 13. Nxd7 Nxd7 14. Bg3 {[%emt 0:00:56] The position is equal.} Qe6 {[%emt 0:06:22] [#]} 15. Rfc1 $146 ({Predecessor:} 15. Ne2 Bd6 16. Rab1 a5 17. Qb3 Rfb8 18. Qc2 Nf6 19. Bxd6 Qxd6 20. Nf4 Re8 21. Rfe1 {½-½ Jyothsna,L (1910)-Karavade,E (2294) IND-chT (Women) 2023 (6.1)}) 15... f5 16. Ne2 {[%emt 0:02:02] Black should prevent Qb3.} Bd6 17. Bxd6 Qxd6 18. b4 (18. Qb3 $5 ) 18... b5 ({Resist} 18... Qxb4 19. Rab1 Qd6 20. Rxb7 $16) (18... Nb6 $11) 19. a4 $16 bxa4 20. Rxa4 Nb6 21. Ra6 Qxb4 22. g3 Qd6 23. Rca1 {[%emt 0:01:46][%mdl 1024] White has compensation.} (23. Qc2 $5 ) 23... Qd7 24. Qa3 Nc8 (24... Nc4 $11 {keeps the balance.} 25. Qc5 Rfc8) 25. Qc5 (25. Nf4 $142) 25... Nb6 ({Better is} 25... Rf6) 26. Qa3 {[%emt 0:00:04] White has more active pieces.} Nc8 27. Qc5 Nb6 28. Qa3 Nc8 29. Qc5 Nb6 30. Qa3 Nc8 31. Qc5 {[%emt 0:00:04] Weighted Error Value: White=0.42/Black=0.20 (precise)} ({White should try} 31. Nf4 $16) 1/2-1/2

[Event "1st Bangalore GM-Open-A 2024"]
[Site "Bangalore"]
[Date "2024.01.19"]
[Round "2.5"]
[White "Roy Chowdhury, Saptarshi"]
[Black "Pranav Anand"]
[Result "0-1"]
[ECO "D35"]
[WhiteElo "2233"]
[BlackElo "2513"]
[Annotator "TA"]
[PlyCount "104"]
[EventDate "2024.01.20"]
[EventType "swiss"]
[EventCountry "IND"]
[SourceTitle "playchess.com"]
[Source "ChessBase"]
[SourceQuality "1"]
[TimeControl "5400+30"]

1. Nf3 Nf6 2. d4 d5 3. c4 e6 4. Nc3 c6 5. cxd5 exd5 6. Bg5 Nbd7 7. e3 h6 {[%emt 0:00:06] D35: Queen's Gambit Declined: Exchange Variation.} 8. Bh4 g5 9. Bg3 Nh5 {[%emt 0:00:04] The position is equal.} 10. Bd3 Nxg3 11. hxg3 Bg7 12. Qc2 Nb6 13. O-O-O Be6 14. Kb1 Qe7 15. Rhe1 O-O-O {[%emt 0:07:06] [#]} 16. Na4 $146 ({Predecessor:} 16. Nd2 Kb8 17. Nb3 h5 18. Nc5 h4 19. gxh4 Rxh4 20. Qb3 Rh2 21. Bf1 Bf5+ 22. Ka1 Bf8 23. e4 dxe4 24. N3xe4 Bxe4 25. Nxe4 Rh4 26. Qg3+ Ka8 27. Nd2 {½-½ Miroiu,G (2306)-Jianu,V (2553) Arad op 9th 2016 (5)}) 16... Kb8 17. Nc5 h5 18. Bf5 g4 ({Black should play} 18... Nd7) 19. Nh4 $11 {[%emt 0:04:35] next Bxe6 is good for White. A dynamic duo of knights.} Qf6 20. Bxe6 fxe6 21. Ng6 {[%emt 0:00:18] Prevents Nd7} Rh6 22. Ne5 Qe7 23. Ncd3 (23. Nxb7 {looks sharper.} Kxb7 24. Nxc6 Qc7 25. Nxd8+ Qxd8 26. Rc1) 23... Bxe5 24. Nxe5 Nd7 25. Nd3 Qf6 26. Qc3 Qf5 27. Ka1 Nf6 28. Qb3 Rh7 29. f3 Ka8 30. Ne5 (30. Nc5 $5 ) 30... Qg5 31. Rf1 Rc8 32. Qa3 gxf3 33. Rxf3 {[%emt 0:00:12] [#]} c5 $1 34. Rc1 (34. Nd3 Rhc7) 34... Ne4 {[%emt 0:01:48] White is on the road to losing.} 35. b4 c4 $1 {[%emt 0:04:07] Black is more active.} (35... Nxg3 36. Rxc5 Rb8 37. b5 $18) 36. Rcf1 (36. b5 $17 Qg8 37. g4 (37. b6 a6 $17)) 36... Qe7 (36... Nxg3 $2 37. Rf8 $18) (36... Qg8 $19 {...Nd2 is the strong threat.} 37. Rg1 Nxg3) 37. Ng6 {[%emt 0:00:23] [#] Against Nd2} (37. Rf7 $17 Rxf7 38. Rxf7) 37... Qd6 $1 $19 38. Rf8 Rhc7 39. Rxc8+ (39. Qa5 $142) 39... Rxc8 40. Ne5 c3 41. Qa4 (41. Rc1 $142) 41... Nxg3 42. Rc1 Nf5 43. Nd7 (43. Qb3 $142 Qc7 44. g4 hxg4 45. Nxg4) 43... b6 (43... Nxe3 $2 44. Rxc3 Rc6 45. Nc5 $19) 44. Ne5 Nxe3 45. b5 Rc7 {[%emt 0:01:23] Threatens to win with ...Qf8.} (45... Nxg2 46. Nc6 a5 47. Rxc3 $19) 46. Nc6 $2 (46. Qb3 Nf5 47. Nc6) 46... c2 (46... Nxg2 $2 {is the wrong capture.} 47. Rxc3 Nh4 48. Qd1 $19) 47. Qb3 Qf4 (47... Nxg2 $2 {perishes.} 48. Kb2 $19) 48. g3 Qxg3 {[%emt 0:00:58] Strongly threatening ...h4.} 49. Qb4 Qf4 {[%emt 0:00:22] aiming for ...Nc4.} 50. Kb2 a5 {[%emt 0:00:31] Black mates.} 51. Nxa5 Nd1+ 52. Kb3 Qe3+ {[%emt 0:00:34] Weighted Error Value: White=0.55/Black=0.12 (very precise)} ({Stronger than} 52... Qxc1 53. Qf8+ Ka7 54. Nc6+ Rxc6 55. Qe7+ $11) 0-1

[Event "1st Bangalore GM-Open-A 2024"]
[Site "Bangalore"]
[Date "2024.01.19"]
[Round "2.6"]
[White "Mitrabha, Guha"]
[Black "Teterev, Vitaly"]
[Result "1-0"]
[ECO "E69"]
[WhiteElo "2504"]
[BlackElo "2288"]
[Annotator "TA"]
[PlyCount "94"]
[EventDate "2024.01.20"]
[EventType "swiss"]
[EventCountry "IND"]
[SourceTitle "playchess.com"]
[Source "ChessBase"]
[SourceQuality "1"]
[TimeControl "5400+30"]

1. c4 Nf6 2. Nc3 g6 3. g3 Bg7 4. Bg2 O-O 5. Nf3 d6 6. d4 Nbd7 7. O-O e5 8. e4 c6 9. h3 exd4 10. Nxd4 Re8 11. Be3 Nc5 12. Qc2 a5 13. Rad1 Nfd7 14. b3 Qb6 {[%emt 0:01:10] E69: King's Indian: Fianchetto: 6...Nbd7 7 0-0 e5 8 e4 c6 9 h3.} 15. Nde2 Qc7 {[%emt 0:26:35] [#]} (15... Qb4 $14) 16. Rd2 $146 ({Predecessor:} 16. Rfe1 Ne5 17. f4 Ned7 18. Kh2 Bf8 19. Bf2 Nf6 20. Nd4 Nh5 21. Nf3 Nf6 22. Bxc5 dxc5 {½-½ Brejnik,G (2295)-Hausner,I (2266) Nepomuk-A 2022 (2)}) 16... Na6 {[%emt 0:08:35] White is better.} 17. Rfd1 Bf8 18. Qb2 Nac5 19. Qc2 Na6 $1 20. Kh1 Nac5 21. Qb1 Nb6 22. Bf4 Rd8 23. e5 Bf5 24. exd6 Qc8 25. Qb2 {[%emt 0:02:59] g4 would be deadly.} Bxh3 26. Be3 Bxg2+ $1 27. Kxg2 Nbd7 28. a3 {[%emt 0:04:25] White has more active pieces.} Bg7 29. Bd4 {[%emt 0:00:19] Bxg7 is the strong threat.} Bxd4 30. Rxd4 (30. Nxd4 {seems wilder.} Nf6 31. b4 Nce4 32. Nxe4 Nxe4 33. d7) 30... Nf6 31. b4 $36 {[%emt 0:01:55][%mdl 2048] White is in control.} axb4 32. axb4 Ne6 33. Rh4 {[%emt 0:00:33] Black must now prevent Ne4.} c5 (33... h5 $16 {was necessary.}) 34. b5 $2 (34. Nb5 $18 Nh5 35. Nec3) 34... Ng7 $2 (34... b6 $11 {and Black is okay.}) 35. Na4 {[%emt 0:07:47][%mdl 64] Discovered Attack} Nf5 $2 {[%emt 0:01:41][%mdl 8192] [#] Loses the game.} (35... Nd7 $16) 36. Qxf6 $1 $18 {[%emt 0:03:03][%cal Oh4h7] White wants to mate with Rxh7! White is clearly winning.} Nxh4+ 37. Qxh4 Rxa4 {[%emt 0:00:42] [#]} 38. Nc3 $1 Ra8 39. Ne4 Qf5 40. Rd5 Qe6 41. Nxc5 ({Weaker is} 41. Rxc5 h6 $16) 41... Qe2 42. Ne4 {[%emt 0:00:07] Strongly threatening Nf6+.} f5 {[%emt 0:00:53] [#] Black is weak on the dark squares} 43. Rxf5 $3 Rf8 (43... gxf5 44. Qg5+) 44. Nf6+ Rxf6 45. Rxf6 {[%emt 0:00:01] White threatens Qd4 and mate.} Ra1 {[%emt 0:01:04] [#]} 46. Rf8+ $3 {[%emt 0:00:20][%mdl 576] Decoy, Clearance} Kxf8 47. Qf6+ (47. Qxh7 {leads to mate.} Qe4+ 48. f3 Qc2+ 49. Kh3 Rh1+ {[%mdl 64] Skewer} 50. Kg4 Qf5#) 47... Ke8 {[%emt 0:00:54] Magnificent play by Mitrabha!   Weighted Error Value: White=0.26 (precise) /Black=0.38} 1-0

[Event "1st Bangalore GM-Open-A 2024"]
[Site "Bangalore"]
[Date "2024.01.19"]
[Round "2.7"]
[White "Savchenko, Boris"]
[Black "Srihari L"]
[Result "0-1"]
[ECO "B68"]
[WhiteElo "2489"]
[BlackElo "2288"]
[Annotator "RC"]
[PlyCount "74"]
[EventDate "2024.01.20"]
[EventType "swiss"]
[EventCountry "IND"]
[SourceTitle "playchess.com"]
[Source "ChessBase"]
[SourceQuality "1"]
[TimeControl "5400+30"]

1. e4 c5 2. Nf3 d6 3. d4 cxd4 4. Nxd4 Nf6 5. Nc3 Nc6 6. Bg5 e6 7. Qd2 a6 8. O-O-O Bd7 9. f4 Be7 10. Nb3 b5 11. a3 Rb8 12. Bxf6 gxf6 13. g3 b4 14. axb4 Nxb4 15. f5 Qb6 16. Bc4 a5 17. fxe6 fxe6 18. Qh6 Rc8 19. Qh5+ Kf8 20. e5 Rxc4 21. exf6 a4 22. fxe7+ Kxe7 23. Qg5+ Ke8 24. Qh5+ Ke7 25. Qg5+ Ke8 26. Qh5+ Ke7 27. Rhf1 axb3 28. Qg5+ Ke8 29. cxb3 Rc8 30. Qf6 Qe3+ 31. Kb1 Qe5 32. Qf7+ Kd8 33. Rde1 Qg5 34. Re4 Nd5 35. Nxd5 exd5 36. Rh4 Re8 37. Rxh7 Bf5+ 0-1

[Event "1st Bangalore GM-Open-A 2024"]
[Site "Bangalore"]
[Date "2024.01.19"]
[Round "2.8"]
[White "Stany, G.A."]
[Black "Ratnakaran, K.."]
[Result "1/2-1/2"]
[ECO "B00"]
[WhiteElo "2459"]
[BlackElo "2256"]
[Annotator "RC"]
[PlyCount "102"]
[EventDate "2024.01.20"]
[EventType "swiss"]
[EventCountry "IND"]
[SourceTitle "playchess.com"]
[Source "ChessBase"]
[SourceQuality "1"]
[TimeControl "5400+30"]

1. e4 e6 2. d4 b6 3. Bd3 Bb7 4. Ne2 d6 5. O-O Nd7 6. f4 h5 7. c4 h4 8. h3 Ngf6 9. Nbc3 c5 10. d5 e5 11. Qa4 a6 12. Be3 Nh5 13. fxe5 dxe5 14. a3 g6 15. b4 Bh6 16. Bxh6 Rxh6 17. bxc5 bxc5 18. Rab1 Rb8 19. Nd1 Kf8 20. Ne3 Kg7 21. Rb2 Rh8 22. Rfb1 Qg5 23. Ng4 Bc8 24. Qc2 Rxb2 25. Qxb2 Re8 26. Rf1 Nf8 27. Nf2 f5 28. exf5 gxf5 29. Bb1 Ng6 30. Nd3 Qe3+ 31. Kh2 Kh7 32. Qc1 Ng3 33. Re1 Qxc1 34. Nexc1 e4 35. Nb3 Re7 36. Ndxc5 Ne5 37. Nd2 e3 38. Ndb3 Nxc4 39. Bd3 Nd6 40. Ne6 Bxe6 41. dxe6 Rxe6 42. Nd4 Re7 43. Nc2 e2 44. Bxa6 Rc7 45. Nd4 Ra7 46. Bxe2 Rxa3 47. Bf3 Kg7 48. Bc6 Rc3 49. Ba8 Ra3 50. Bc6 Rc3 51. Ba8 Ra3 1/2-1/2

[Event "1st Bangalore GM-Open-A 2024"]
[Site "Bangalore"]
[Date "2024.01.19"]
[Round "2.9"]
[White "Ajay Santhosh Parvathareddy"]
[Black "Fedorov, Alexei"]
[Result "0-1"]
[ECO "B22"]
[WhiteElo "2204"]
[BlackElo "2457"]
[Annotator "RC"]
[PlyCount "78"]
[EventDate "2024.01.20"]
[EventType "swiss"]
[EventCountry "IND"]
[SourceTitle "playchess.com"]
[Source "ChessBase"]
[SourceQuality "1"]
[TimeControl "5400+30"]

1. e4 c5 2. Nf3 Nc6 3. c3 Nf6 4. e5 Nd5 5. d4 cxd4 6. cxd4 d6 7. Bc4 dxe5 8. dxe5 Be6 9. O-O Nc7 10. Bxe6 Nxe6 11. Qe2 g6 12. Rd1 Qb8 13. b3 Bg7 14. Bb2 O-O 15. Nbd2 Rd8 16. Nf1 Qc7 17. Rac1 Bh6 18. Ne3 Qb6 19. Rxd8+ Rxd8 20. Rd1 Rxd1+ 21. Nxd1 Nf4 22. Qe4 Qd8 23. Nc3 Nd3 24. Ba3 Bg7 25. Nd5 Ndxe5 26. Nxe5 Bxe5 27. h3 e6 28. Ne7+ Kg7 29. g3 Qd4 30. Qf3 Qa1+ 31. Kg2 Nd4 32. Qe4 Bf6 33. Qxb7 Ne2 34. h4 Qg1+ 35. Kh3 Qxf2 36. Qg2 Qe3 37. Kh2 Be5 38. Bc5 Bxg3+ 39. Kh1 Qxc5 0-1

[Event "1st Bangalore GM-Open-A 2024"]
[Site "Bangalore"]
[Date "2024.01.19"]
[Round "2.10"]
[White "Neelash Saha"]
[Black "Joshua, A P"]
[Result "1-0"]
[ECO "A57"]
[WhiteElo "2446"]
[BlackElo "2234"]
[Annotator "RC"]
[PlyCount "51"]
[EventDate "2024.01.20"]
[EventType "swiss"]
[EventCountry "IND"]
[SourceTitle "playchess.com"]
[Source "ChessBase"]
[SourceQuality "1"]
[TimeControl "5400+30"]

1. d4 Nf6 2. c4 c5 3. d5 b5 4. Qc2 bxc4 5. e4 e6 6. Nc3 exd5 7. exd5 d6 8. Bxc4 Be7 9. h3 Nbd7 10. Nf3 O-O 11. O-O Nb6 12. b3 Nxc4 13. bxc4 Rb8 14. Re1 Rb4 15. Nb5 a6 16. Na7 Bd7 17. Bd2 Ba4 18. Qd3 Rb8 19. Qa3 Qc7 20. Qxa4 Qxa7 21. Re2 Rfc8 22. Bc3 h6 23. Rae1 Rb7 24. Nh4 Nh7 25. Nf5 Bf8 26. Re8 1-0

[Event "1st Bangalore GM-Open-A 2024"]
[Site "Bangalore"]
[Date "2024.01.19"]
[Round "2.11"]
[White "Dere Pushkar"]
[Black "Shyaamnikhil P"]
[Result "1-0"]
[ECO "C03"]
[WhiteElo "2191"]
[BlackElo "2443"]
[Annotator "RC"]
[PlyCount "97"]
[EventDate "2024.01.20"]
[EventType "swiss"]
[EventCountry "IND"]
[SourceTitle "playchess.com"]
[Source "ChessBase"]
[SourceQuality "1"]
[TimeControl "5400+30"]

1. e4 e6 2. d4 d5 3. Nd2 Be7 4. Ngf3 Nf6 5. e5 Nfd7 6. Bd3 c5 7. c3 b6 8. a4 Ba6 9. Bb5 Bb7 10. O-O O-O 11. Re1 c4 12. Nf1 Bc6 13. g3 Re8 14. h4 Nf8 15. N1h2 a6 16. Bxc6 Nxc6 17. h5 h6 18. Ng4 Nh7 19. Bf4 Na5 20. Qc2 Kh8 21. Kg2 Nb3 22. Ra2 Ra7 23. Nd2 Bg5 24. Be3 Nxd2 25. Qxd2 Be7 26. f4 Qd7 27. Qc2 b5 28. axb5 axb5 29. Rxa7 Qxa7 30. f5 exf5 31. Qxf5 Bg5 32. Bf4 Qe7 33. Ra1 Kg8 34. Ra6 b4 35. Rd6 bxc3 36. bxc3 Bxf4 37. gxf4 Rd8 38. Nxh6+ gxh6 39. Rxh6 f6 40. Kf3 Rf8 41. e6 Kh8 42. Qxd5 Rg8 43. Qf5 Qg7 44. Rg6 Qb7+ 45. d5 Rd8 46. Rh6 Rf8 47. Qxh7+ Qxh7 48. Rxh7+ Kxh7 49. e7 1-0